Map: Abyssal Reef LE

Players

Mulehammer

  • Race: Terran Terran
  • Spawn Location: 11:00

A.I. 1 (Very Easy) - Winner!

  • Race: Zerg Zerg
  • Spawn Location: 5:00

VOD

Have the link to the VOD?

Description

Time

  • Played on: Aug. 21, 2017, 7:45 a.m.
  • Length: 4:11
Show
View Real Time Build Order
Export as new Build Order

Mulehammer Terran 

Build Orders: Hellion Opening, Reaper Expand 

Get SALT Encoding   

  12  0:00  SCV  
  13  0:12  SCV  
  14  0:18  Supply Depot  
  14  0:24  SCV  
  15  0:30  Refinery  
  15  0:40  SCV  
  16  0:46  Barracks  
  16  0:52  SCV  
  17  1:04  SCV  
  18  1:16  SCV  
  19  1:33  Orbital Command  
  19  1:34  Reaper  
  20  1:45  Command Center  
  20  1:56  Factory  
  20  1:59  SCV  
  21  2:08  Barracks Reactor  
  21  2:12  SCV, Refinery  
  22  2:18  Supply Depot  
  22  2:25  SCV  
  23  2:39  SCV  
  23  2:41  Starport  
  24  2:49  Hellion x2  
  28  2:51  SCV  
  28  2:52  Barracks Tech Lab  
  29  3:00  Orbital Command  
  29  3:04  SCV  
  30  3:14  Hellion x2  
  30  3:17  SCV  
  35  3:24  Viking  
  37  3:27  SCV  
  37  3:30  SCV  
  39  3:38  Hellion x2  
  39  3:40  SCV  
  44  3:44  SCV, Supply Depot  
  45  3:58  SCV  
Show
View Real Time Build Order
Export as new Build Order

A.I. 1 (Very Easy) Zerg - Winner!

Build Orders: Pool Only 

Get SALT Encoding   

  12  0:01  Drone  
  13  0:12  Overlord  
  13  0:16  Drone  
  14  0:35  Spawning Pool  
  13  0:37  Drone  
  13  0:40  Extractor  
  13  0:45  Drone  
  14  0:51  Overlord  
  14  1:21  Queen  
  14  1:23  Zergling x2  
  17  1:30  Roach Warren  
  16  1:33  Drone  
  16  1:38  Extractor  
  16  1:42  Drone  
  17  1:51  Zergling x2  
  18  1:59  Drone  
  19  2:07  Drone  
  20  2:16  Drone  
  20  2:18  Zergling x2  
  22  2:27  Overlord  
  22  2:30  Drone  
  23  2:37  Drone  
  24  2:44  Drone  
  24  2:46  Roach  
Tags
 
Add a new tag
Caveats
  • Supply blocks, unpowered buildings, or Contaminate may cause inaccurate times.
  • Supply counts are checked every 10 seconds.